 Dungeon Sprint DCSS version 0.18-a0-1171-ga8e22e7 (webtiles) character file.

4800000 namelastname112 the Grand Master (level 24, -75/227 HPs)
             Began as a Demonspawn Monk on Jan 26, 2016.
             Was the Champion of Makhleb.
             Annihilated by a sculptor of flesh
             ... wielding a +9 great sword
              (198 damage)
             ... in the Dungeon (Sprint VIII: "Arena of Blood").
             The game lasted 00:01:35 (48 turns).

namelastname112 the Grand Master (Demonspawn Monk)    Turns: 48, Time: 00:01:36

Health: -75/227    AC:  8    Str: 14    XL:     24   Next: 33%
Magic:  24/54      EV: 38    Int: 13    God:    Makhleb [******]
Gold:   0          SH:  4    Dex: 24    Spells: 0 memorised, 77 levels left

rFire  + . .     SeeInvis .     i - +∞ Axe of Woe
rCold  . . .     Gourm    .     a - +0 robe
rNeg   . . .     Faith    .     (shield currently unavailable)
rPois  .         Spirit   .     (no helmet)
rElec  .         Dismiss  .     (no cloak)
rCorr  .         Reflect  .     (no gloves)
SustAt .         Harm     .     (boots unavailable)
MR     +....     NoTele   +     (no amulet)
Stlth  ++++++++++               (no ring)
                                (no ring)

@: somewhat resistant to hostile enchantments, uncannily stealthy
A: hooves 3, large bone plates 3, demonic guardian 2, fire resistance 1,
nightstalker 3, flame cloud immunity
a: Minor Destruction, Lesser Servant of Makhleb, Major Destruction, Greater
Servant of Makhleb, Renounce Religion


You were in the Dungeon.
You worshipped Makhleb.
Makhleb was exalted by your worship.
You were not hungry.

You visited 1 branch

Inventory:

Hand Weapons
 i - the +∞ Axe of Woe (weapon)
   (You found it in the Dungeon)
Armour
 a - a +0 robe (worn)
Scrolls
 h - a scroll of blinking
Potions
 c - a potion of curing
 d - a potion of heal wounds
 e - a potion of haste
 f - 2 potions of magic
 g - a potion of berserk rage
Comestibles
 b - a bread ration


   Skills:
 O Level 27 Fighting
 O Level 27 Axes
 O Level 27 Throwing
 O Level 27 Armour
 O Level 27 Dodging
 O Level 27 Stealth
 O Level 27 Unarmed Combat
 O Level 27 Spellcasting
 O Level 27 Invocations


You had 77 spell levels left.
You didn't know any spells.

Dungeon Overview and Level Annotations

Branches:
Dungeon (1/1)

Altars:
Makhleb

Annotations:
D The Servant


Innate Abilities, Weirdness & Mutations

You have hooves in place of feet.
You are completely covered in large bone plates (AC +4, SH +4).
A demonic guardian rushes to your aid.
Your flesh is heat resistant.
You are completely attuned to the shadows.
You are immune to clouds of flame.


Message History

You dissect the meat berserker like a pig carcass.
You kill the meat berserker!
Makhleb accepts your kill.
You hear a shout! x6
The accursed appears out of thin air!
An accursed comes into view.
You hear a shout!
The Servant hits you from afar with a +9 glaive of flaming!!!!
The Servant burns you!
A corpse begins to drag itself along the ground!
Some corpses meld into agglomerations of writhing flesh!
You hear a shout! 2 small abominations and a crawling corpse come into view.
Unknown command.
Unknown command.
The meat berserker rages.
You hear a shout! x11
The sculptor of flesh hits you with a +9 great sword!!!!!
Ouch! That really hurt!
You die...

.....o.......
.............
...........
#.......# .. ..
#..)))).# ...
...###@x).))o###...
........###@zx.x...
#....o..)_..@)oO...
......#)...L#.x....
......#_.<._#.M.x..
......#.....#......
#...o...._.........
........###.......
...###... ..###. .
#... ..# #.. .#


You could see an accursed, a tyrant, The Servant, a sculptor of flesh, a meat
berserker (berserk), 2 small abominations, 2 bags of meat and 2 crawling
corpses.

Vanquished Creatures
  6 vampire knights (D)
  9 ogres (D)
  19 orcs (D)
  2 skeletal warriors (D)
  A small abomination (D)
  5 crawling corpses (D)
42 creatures vanquished.

Notes
Turn   | Place    | Note
--------------------------------------------------------------
     0 | D        | namelastname112 the Demonspawn Monk began the quest for the Orb.
     0 | D        | Reached XP level 1. HP: 18/18 MP: 1/1
     3 | D        | Noticed a bag of meat
     4 | D        | Became a worshipper of Makhleb the Destroyer
     4 | D        | Reached * piety under Makhleb
     4 | D        | Reached ** piety under Makhleb
     5 | D        | Noticed a bag of meat
     8 | D        | Noticed a bag of meat
    10 | D        | Noticed a meat berserker
    10 | D        | Killed a bag of meat
    10 | D        | Reached skill level 13 in Fighting
    10 | D        | Reached skill level 5 in Stealth
    10 | D        | Reached skill level 19 in Unarmed Combat
    10 | D        | Gained mutation: You are partially covered in large bone plates (AC +2, SH +2). [demonic ancestry]
    10 | D        | Reached XP level 2. HP: 21/40 MP: 2/2
    10 | D        | Gained mutation: You have large cloven feet. [demonic ancestry]
    10 | D        | Reached XP level 3. HP: 24/46 MP: 3/3
    10 | D        | Gained mutation: You have hoof-like feet. [demonic ancestry]
    10 | D        | Reached XP level 4. HP: 27/53 MP: 4/4
    10 | D        | Gained mutation: You have hooves in place of feet. [demonic ancestry]
    10 | D        | Reached XP level 5. HP: 30/59 MP: 5/5
    10 | D        | Gained mutation: You are slightly more attuned to the shadows. [demonic ancestry]
    10 | D        | Reached XP level 6. HP: 33/66 MP: 6/6
    10 | D        | Gained mutation: A weak demonic guardian rushes to your aid. [demonic ancestry]
    10 | D        | Reached XP level 7. HP: 36/72 MP: 7/7
    10 | D        | Reached XP level 8. HP: 39/79 MP: 8/8
    10 | D        | Gained mutation: You are mostly covered in large bone plates (AC +3, SH +3). [demonic ancestry]
    10 | D        | Reached XP level 9. HP: 41/85 MP: 9/9
    10 | D        | Reached XP level 10. HP: 44/92 MP: 10/10
    10 | D        | Gained mutation: You are significantly more attuned to the shadows. [demonic ancestry]
    10 | D        | Reached XP level 11. HP: 46/98 MP: 11/11
    10 | D        | Killed a bag of meat
    10 | D        | Reached skill level 15 in Fighting
    10 | D        | Reached skill level 21 in Unarmed Combat
    10 | D        | Reached XP level 12. HP: 49/110 MP: 12/12
    11 | D        | Noticed a bag of meat
    11 | D        | Noticed a bag of meat
    14 | D        | Noticed a meat berserker
    14 | D        | Killed a bag of meat
    14 | D        | Reached *** piety under Makhleb
    14 | D        | Reached skill level 15 in Dodging
    14 | D        | Reached skill level 23 in Unarmed Combat
    14 | D        | Reached XP level 13. HP: 82/119 MP: 13/13
    15 | D        | Killed a meat berserker
    15 | D        | Reached skill level 5 in Axes
    15 | D        | Reached skill level 25 in Unarmed Combat
    15 | D        | Reached XP level 14. HP: 13/131 MP: 14/14
    16 | D        | Killed a meat berserker
    16 | D        | Reached **** piety under Makhleb
    16 | D        | Reached skill level 27 in Unarmed Combat
    16 | D        | Reached XP level 15. HP: 115/144 MP: 15/15
    18 | D        | Noticed a meat berserker
    18 | D        | Noticed a meat berserker
    20 | D        | Killed a meat berserker
    20 | D        | Reached skill level 10 in Axes
    20 | D        | Gained mutation: You are completely covered in large bone plates (AC +4, SH +4). [demonic ancestry]
    20 | D        | Reached XP level 16. HP: 150/157 MP: 16/16
    21 | D        | Noticed a meat berserker
    21 | D        | Noticed a destroyer
    22 | D        | Killed a meat berserker
    23 | D        | Reached ***** piety under Makhleb
    23 | D        | Reached XP level 17. HP: 158/173 MP: 17/17
    24 | D        | Killed a meat berserker
    24 | D        | Reached skill level 27 in Fighting
    24 | D        | Reached skill level 27 in Dodging
    24 | D        | Killed a destroyer
    24 | D        | Gained mutation: Your flesh is heat resistant. [demonic ancestry]
    24 | D        | Reached XP level 18. HP: 182/182 MP: 18/18
    25 | D        | Noticed a destroyer
    25 | D        | Reached skill level 27 in Axes
    25 | D        | Reached ****** piety under Makhleb
    25 | D        | Gained mutation: You are immune to clouds of flame. [demonic ancestry]
    25 | D        | Reached XP level 19. HP: 189/189 MP: 19/19
    26 | D        | Killed a destroyer
    26 | D        | Reached skill level 27 in Stealth
    26 | D        | Reached XP level 20. HP: 197/197 MP: 19/33
    27 | D        | Noticed a destroyer
    27 | D        | Reached skill level 15 in Invocations
    28 | D        | Noticed a destroyer
    30 | D        | Noticed a destroyer
    30 | D        | Noticed a meat berserker
    32 | D        | Killed a destroyer
    33 | D        | Noticed The Servant
    33 | D        | Noticed a destroyer
    33 | D        | Killed a meat berserker
    33 | D        | Reached XP level 21. HP: 204/204 MP: 20/43
    36 | D        | Killed a destroyer
    36 | D        | Reached skill level 27 in Invocations
    36 | D        | Killed a destroyer
    36 | D        | Gained mutation: You are completely attuned to the shadows. [demonic ancestry]
    36 | D        | Reached XP level 22. HP: 212/212 MP: 20/50
    36 | D        | Killed a destroyer
    41 | D        | Reached skill level 27 in Throwing
    41 | D        | Reached skill level 27 in Armour
    41 | D        | Reached skill level 27 in Spellcasting
    42 | D        | Reached XP level 23. HP: 219/219 MP: 22/54
    43 | D        | Noticed a tyrant
    47 | D        | Gained mutation: A demonic guardian rushes to your aid. [demonic ancestry]
    47 | D        | Reached XP level 24. HP: 227/227 MP: 24/54
    48 | D        | Noticed an accursed
    48 | D        | Annihilated by a sculptor of flesh

Vault maps used:
D:        meatsprint

Action                   |  1- 3 |  4- 6 |  7- 9 | 10-12 | 13-15 | 16-18 | 19-21 | 22-24 || total
-------------------------+-------+-------+-------+-------+-------+-------+-------+-------++-------
Melee: Executioner's axe |     1 |       |       |     1 |     3 |     4 |     9 |     6 ||    24
